 Dungeon Crawl Stone Soup version 0.31-a0-1068-g5939ac1fb6 (webtiles) character file.

Game seed: 1557207485643177181

1528 Maratek the Trooper (level 8, -8/73 HPs)
             Began as a Minotaur Fighter on Nov 24, 2023.
             Mangled by a hornet (10 damage)
             ... on level 6 of the Dungeon.
             The game lasted 00:05:05 (4390 turns).

Maratek the Trooper (Minotaur Fighter)              Turns: 4390, Time: 00:05:06

Health: -8/73      AC:  8    Str: 23    XL:     8   Next: 55%
Magic:  7/7        EV:  9    Int:  5    God:
Gold:   426        SH:  5    Dex: 10    Spells: 7/7 levels left

rFire   . . .        a - +0 war axe
rCold   + . .        c - +0 buckler
rNeg    . . .        b - +0 scale mail
rPois   .            (helmet restricted)
rElec   .            (no cloak)
rCorr   .            (no gloves)
SInv    .            (no boots)
Will    .....        n - amulet of regeneration Stlth
                     q - ring of protection from cold
HPRegen 1.12/turn    (no ring)
MPRegen 0.10/turn

%: no passive effects
@: lethally poisoned (-8 -> -13), slowed, very slow
A: horns 2, retaliatory headbutt
a: no special abilities


You were on level 6 of the Dungeon.
You visited 1 branch of the dungeon, and saw 6 of its levels.

You collected 426 gold pieces.

Inventory:

Hand Weapons
 a - a +0 war axe (weapon)
Armour
 b - a +0 scale mail (worn)
 c - a +0 buckler (worn)
Jewellery
 f - an amulet of guardian spirit
 n - an amulet of regeneration (around neck)
 q - a ring of protection from cold (left hand)
Scrolls
 d - 2 scrolls of revelation
 e - 8 scrolls of teleportation
 g - a scroll of fear
 h - a scroll of blinking
Potions
 i - 3 potions of magic {unknown}
 j - a potion of curing
 k - a potion of cancellation {unknown}
 l - 2 potions of invisibility {unknown}
 m - a potion of might
 p - a potion of experience {unknown}
 r - a potion of lignification {unknown}


   Skills:
 + Level 7.4 Fighting
 + Level 6.8 Axes
 + Level 7.4 Armour
 + Level 7.4 Shields


You had 7 spell levels left.
You didn't know any spells.
Your spell library contained the following spells:

 Spells                   Type           Power      Damage    Failure   Level
 Shock                    Conj/Air       0%         1d3       82%         1
 Blink                    Tloc           0%         N/A       91%         2
 Dazzling Flash           Conj/Hex       0%         N/A       99%         3
 Swiftness                Air            0%         N/A       99%         3
 Airstrike                Air            0%         2d(0-16)  100%        4
 Manifold Assault         Tloc           0%         N/A       100%        4
 Olgreb's Toxic Radiance  Pois           0%         N/A       100%        4
 Agony                    Necr           0%         N/A       100%        5
 Silence                  Hex/Air        0%         N/A       100%        5
 Discord                  Hex            0%         N/A       100%        8
 Ignition                 Fire           0%         3d3       100%        8


Dungeon Overview and Level Annotations

Branches:
Dungeon (6/15)
 Temple: D:4-7

Altars:
Ashenzari
Fedhas
Kikubaaqudgha
Makhleb
Uskayaw
Zin

Shops:
D:1 (


Innate Abilities, Weirdness & Mutations

You have a pair of horns on your head.
You reflexively headbutt those who attack you in melee.


Message History

There is an open door here.
A hornet is nearby!
Found 18 gold pieces.
You barely miss the hornet. The hornet stings you!
You feel yourself slow down. The hornet stings you!
You are poisoned.
You feel as though you will be slow longer.
You slash the hornet! Your headbutt misses the hornet.
The hornet is moderately wounded.
You feel very sick.
The hornet stings you but does no damage.
The hornet stings you.
You are more poisoned.
You feel as though you will be slow longer.
The hornet stings you.
You feel as though you will be slow longer.
You barely miss the hornet.
The hornet is moderately wounded.
You feel very sick. The hornet stings you!
You suddenly lose the ability to move!
The hornet stings you but does no damage.
The hornet stings you.
You feel as though you will be slow longer.
You feel very sick.
The hornet stings you but does no damage.
You feel sick.
The hornet stings you but does no damage.
The hornet stings you.
* * * LOW HITPOINT WARNING * * *
You are more poisoned.
You feel as though you will be slow longer.
You can move again.
You hit the hornet.
The hornet is heavily wounded.
You feel very sick. The hornet stings you!
* * * LOW HITPOINT WARNING * * *
You feel as though you will be slow longer.
The hornet stings you!
You die...

###### ######### #....##
+...$...# #....#. #.......#
#....#. ########## .......#
#....#. ......#..# .......#
#....#. ......#..# #.....#
#....## ......'..#######y....##
#...... ......#........#@.....#
#...... .##+###........#......#
#......
.(...+.........'.....######......
#....##################...#####..
#'####................#..|....#..
......................#.......'..
......................'.......#..
....................).#.......#..
......................##'######..


You could see a hornet.

Vanquished Creatures
  Grinder (D:6)
  An ice beast (D:6)
  A black bear (D:6)
  2 ogres (D:4)
  2 centaurs (D:6)
  A phantom (D:6)
  2 kobold brigands (D:6)
  2 scorpions
  A hound (D:4)
  A jelly (D:6)
  A sleepcap (D:5)
  An iguana (D:4)
  4 orc wizards
  10 adders
  3 gnolls (D:3)
  A shadow imp (D:5)
  2 white imps (D:6)
  2 ufetubi (D:6)
  2 worms
  3 dart slugs
  21 orcs
  5 endoplasms (D:1)
  2 giant cockroaches
  5 goblins
  3 hobgoblins
  7 jackals (D:1)
  23 kobolds
  4 quokkas
  10 ball pythons
  5 bats
  3 frilled lizards
  3 rats
134 creatures vanquished.

Notes
Turn   | Place    | Note
-------+----------+-------------------------------------------
     0 | D:1      | Maratek the Minotaur Fighter began the quest for the Orb.
     0 | D:1      | Reached XP level 1. HP: 19/19 MP: 0/0
   146 | D:1      | Reached XP level 2. HP: 23/27 MP: 1/1
   234 | D:1      | Found Jethudiv's Weapon Shop.
   358 | D:1      | Reached XP level 3. HP: 31/33 MP: 2/2
  1090 | D:2      | Reached XP level 4. HP: 41/41 MP: 3/3
  1667 | D:3      | Found a blossoming altar of Fedhas.
  1888 | D:3      | Reached XP level 5. HP: 47/47 MP: 4/4
  2253 | D:4      | Reached skill level 5 in Shields
  2286 | D:4      | Reached skill level 5 in Fighting
  2288 | D:4      | Reached skill level 5 in Armour
  2357 | D:4      | Noticed an ogre
  2357 | D:4      | Noticed an ogre
  2366 | D:4      | Killed an ogre
  2367 | D:4      | Reached XP level 6. HP: 23/56 MP: 2/5
  2369 | D:4      | HP: 1/56 [ogre/+0 giant club (2)]
  2896 | D:5      | Entered Level 5 of the Dungeon
  2981 | D:5      | Reached skill level 5 in Axes
  2981 | D:5      | Reached XP level 7. HP: 45/62 MP: 6/6
  3110 | D:5      | Found a glowing silver altar of Zin.
  3329 | D:5      | Found a hide-covered altar of Uskayaw.
  3454 | D:5      | Found an ancient bone altar of Kikubaaqudgha.
  3454 | D:5      | Found a burning altar of Makhleb.
  3454 | D:5      | Found a broken altar of Ashenzari.
  3826 | D:6      | Noticed Grinder
  3835 | D:6      | Paralysed by Grinder for 2 turns
  3844 | D:6      | Killed Grinder
  3933 | D:6      | Reached XP level 8. HP: 71/71 MP: 7/7
  4382 | D:6      | Noticed a hornet
  4387 | D:6      | Paralysed by a hornet for 3 turns
  4390 | D:6      | HP: 2/73 [hornet (12)]
  4390 | D:6      | Mangled by a hornet

Illustrated notes

Levels and vault maps discovered:
D:1:      lemuel_arrival_cross, layout_rooms, serial_shops,
          nicolae_shop_behind_doors
D:2:      layout_basic
D:3:      layout_basic, nicolae_overflow_crystal_walls
D:4:      layout_rooms, grunt_ministairs_13
D:5:      layout_basic, nicolae_uskayaw_murder_on_the_dancefloor,
          gammafunk_temple_overflow_claw, mainiacjoe_overflow_brackets
D:6:      layout_gridville, temple_green, uniq_eustachio, uniq_jeremiah,
          uniq_grinder

Skill      XL: |  1  2  3  4  5  6  7  8 |
---------------+-------------------------+-----
Fighting       | 4 5 6 7 |  7.4
Shields        | 4 5 6 7 |  7.4
Armour         | 4 5 6 7 |  7.4
Axes           | 3 4 5 6 |  6.8

Action                     |  1- 3 |  4- 6 |  7- 9 || total
---------------------------+-------+-------+-------++-------
  Melee: War axe           |    81 |   115 |   106 ||   302
         Headbutt          |    11 |    15 |    24 ||    50
    Use: Scroll            |     2 |     5 |     2 ||     9
         Potion            |       |     2 |       ||     2
 Armour: Scale mail        |    68 |    75 |   107 ||   250
  Dodge: Dodged            |    50 |    50 |    42 ||   142
  Block: Buckler           |    17 |    23 |    34 ||    74

Table legend: (Time is in decaauts)
 A = Elapsed time spent in this place.
 B = Non-inter-level travel time spent in this place.
 C = Inter-level travel time spent in this place.
 D = Time resting spent in this place.
 E = Time spent auto-exploring this place.
 F = Levels seen in this place.
 G = Mean time per level.
                   A        B        C        D        E       F      G
               +--------+--------+--------+--------+--------+-----+--------+
         Total |   4482 |   4382 |    100 |     54 |   3507 |   6 |  747.0 |
       Dungeon |   4482 |   4382 |    100 |     54 |   3507 |   6 |  747.0 |
               +--------+--------+--------+--------+--------+-----+--------+

Top non-repeatable levels by time:
     D:5: 925 daAuts
     D:3: 891 daAuts
     D:2: 796 daAuts
     D:4: 660 daAuts
     D:1: 610 daAuts
     D:6: 598 daAuts
